 Dungeon Crawl Stone Soup version 0.26.1-11-gd32895ea62 (webtiles) character file.

Game seed: 17130390813167742132

67 Zeld the Chopper (level 4, -1/28 HPs)
             Began as a Gargoyle Berserker on May 27, 2021.
             Was a Follower of Trog.
             Slain by a worm (5 damage)
             ... on level 2 of the Dungeon.
             The game lasted 00:01:15 (1914 turns).

Zeld the Chopper (Gargoyle Berserker)               Turns: 1914, Time: 00:01:16

Health: -1/28      AC:  3    Str: 22    XL:     4   Next: 18%
Magic:  4/4        EV: 12    Int:  7    God:    Trog [*.....]
Gold:   40         SH:  0    Dex:  9    Spells: 3/3 levels left

rFire    . . .     SeeInvis .   a - +0 hand axe
rCold    . . .     Faith    .   (no shield)
rNeg     + . .     Spirit   .   (no armour)
rPois    ∞         Reflect  .   (no helmet)
rElec    +         Harm     .   (no cloak)
rCorr    .         Rampage  .   (no gloves)
Will     .....                  (no boots)
Stlth    +.........             (no amulet)
HPRegen  0.09/turn              (no ring)
MPRegen  0.09/turn              (no ring)

@: no status effects
A: negative energy resistance 1, electricity resistance, unbreathing,
petrification resistance, miasma immunity, AC +3
a: Renounce Religion, Berserk


You were on level 2 of the Dungeon.
You worshipped Trog.
Trog was aware of your devotion.
You visited 1 branch of the dungeon, and saw 2 of its levels.

You collected 40 gold pieces.

Inventory:

Hand Weapons
 a - a +0 hand axe (weapon)
Armour
 i - a +0 plate armour
Jewellery
 g - an uncursed ring of stealth {unknown}
Scrolls
 c - 2 scrolls of identify {unknown}
 e - 3 scrolls of enchant armour {unknown}
 f - 3 scrolls of teleportation {unknown}
Potions
 b - a potion of lignification {unknown}
 d - a potion of flight {unknown}
 h - a potion of curing {unknown}


   Skills:
 - Level 3.2 Fighting
 * Level 4.4 Axes
 - Level 2.1 Armour
 - Level 1.5 Dodging


You had 3 spell levels left.
You didn't know any spells.
Your spell library was empty.

Dungeon Overview and Level Annotations

Branches:
Dungeon (2/15)

Altars:


Innate Abilities, Weirdness & Mutations

You are resistant to torment.
Your stone body is resilient. (AC +3)
You are immune to poison.
You resist negative energy. (rN+)
You are resistant to electric shocks. (rElec)
You can survive without breathing.
You are immune to petrification.
You are immune to miasma.


Message History

You are too injured to fight recklessly!
You are too injured to fight recklessly!
You are too injured to fight recklessly!
You are too injured to fight recklessly!
You are too injured to fight recklessly!
You hit the worm but do no damage.
The worm is almost dead.
You hit the hobgoblin.
You kill the hobgoblin!
Trog accepts your kill. The worm bites you!
* * * LOW HITPOINT WARNING * * *
You see here a plate armour.
i - a plate armour You start putting on your armour.
You continue putting on your plate armour. x2
The worm bites you.
Keep equipping yourself?
You stop putting on your armour.
You die...

#..##...........#..#
#........
#<.##.###..#.#.##..#
######...
#..##......#.#.....#+###
#.##
#..###.......###).......
#.# #..#
#.#........†...(... #.#
#...
#.#.#.#.............###.#
#####
#.#.....#..........[..##
#.....#w#...............
#.....#@#...............
###...#.#...............
.....#.....######......
###...#####.# #...... ..
#...... #...... #......
#...... #......


You could see a worm.

Vanquished Creatures
  3 adders (D:2)
  An ooze (D:2)
  3 dart slugs (D:1)
  A leopard gecko (D:1)
  3 giant cockroaches
  2 goblins (D:1)
  5 hobgoblins
  4 kobolds
  A quokka (D:2)
  3 bats (D:1)
  A frilled lizard (D:1)
  3 rats (D:2)
30 creatures vanquished.

Notes
Turn   | Place    | Note
-------+----------+-------------------------------------------
     0 | D:1      | Zeld the Gargoyle Berserker began the quest for the Orb.
     0 | D:1      | Reached XP level 1. HP: 14/14 MP: 1/1
    93 | D:2      | Reached skill level 3 in Axes
    93 | D:2      | Reached XP level 2. HP: 15/19 MP: 2/2
   197 | D:2      | Reached XP level 3. HP: 6/23 MP: 3/3
   592 | D:1      | Reached skill level 4 in Axes
  1502 | D:2      | Reached XP level 4. HP: 9/28 MP: 4/4
  1914 | D:2      | Slain by a worm

Illustrated notes

Levels and vault maps discovered:
D:1:      tarquinn_simple_flora_water_b, layout_loops_corners
D:2:      layout_basic, minivault_19

Skill      XL: |  1  2  3 |
---------------+----------+-----
Axes           | 3 4 |  4.4
Fighting       | |  3.2
Armour         | |  2.1
Dodging        | |  1.5

Action                   |  1- 3 |  4- 6 || total
-------------------------+-------+-------++-------
Melee: Hand axe          |    82 |    18 ||   100
 Stab: Sleeping          |     1 |       ||     1
Armor: Skin              |    22 |     7 ||    29
Dodge: Dodged            |    65 |    11 ||    76
